 Dungeon Crawl Stone Soup version 0.30-a0-7-g94fe547ab8 (webtiles) character file.

Game seed: 2150812124941754272

785 Ijustatesigmund the Chopper (level 7, -3/67 HPs)
             Began as a Hill Orc Fighter on Aug 23, 2022.
             Slain by an ogre
             ... wielding a +0 giant spiked club
              (33 damage)
             ... on level 5 of the Dungeon.
             The game lasted 00:06:05 (5038 turns).

Ijustatesigmund the Chopper (Hill Orc Fighter)      Turns: 5038, Time: 00:06:06

Health: -3/67      AC: 10    Str: 19    XL:     7   Next: 86%
Magic:  7/7        EV:  7    Int: 10    God:
Gold:   221        SH:  5    Dex: 10    Spells: 6/6 levels left

rFire   . . .      SeeInvis .    a - +1 war axe
rCold   . . .      Faith    .    c - +1 buckler
rNeg    . . .      Spirit   .    b - +1 chain mail
rPois   .          Reflect  .    (no helmet)
rElec   .          Harm     .    (no cloak)
rCorr   .          Rampage  .    (no gloves)
Will    +....                    (no boots)
Stlth   ..........               (no amulet)
HPRegen 0.21/turn                q - ring of willpower
MPRegen 0.10/turn                (no ring)

@: hasted, very quick
A: no striking features
a: no special abilities


You were on level 5 of the Dungeon.
You visited 2 branches of the dungeon, and saw 6 of its levels.

You collected 221 gold pieces.

Inventory:

Hand Weapons
 a - a +1 war axe (weapon)
Armour
 b - a +1 chain mail (worn)
 c - a +1 buckler (worn)
Jewellery
 f - a +6 ring of dexterity
 q - a ring of willpower (left hand)
Wands
 i - a wand of mindburst (9)
Scrolls
 g - 2 scrolls of fog
 h - 3 scrolls of identify
 k - a scroll of immolation
 m - a scroll of silence {unknown}
 r - a scroll of vulnerability {unknown}
 s - a scroll of enchant armour
Potions
 d - a potion of berserk rage {unknown}
 e - a potion of mutation {unknown}
 j - 3 potions of curing
 l - 2 potions of flight
 o - a potion of lignification
 t - 3 potions of cancellation {unknown}
 u - a potion of attraction {unknown}


   Skills:
 + Level 7.7 Fighting
 + Level 7.8 Axes
 + Level 4.4 Armour
 - Level 3.2 Shields


You had 6 spell levels left.
You didn't know any spells.
Your spell library contained the following spells:

 Spells                   Type           Power      Damage    Failure   Level
 Conjure Flame            Conj/Fire      0%         6-21      100%        3
 Frozen Ramparts          Ice            0%         1d1       100%        3
 Ignite Poison            Fire/Tmut/Pois 0%         N/A       100%        3
 Ice Form                 Ice/Tmut       0%         N/A       100%        4
 Sticky Flame             Conj/Fire      0%         2d3       100%        4
 Summon Ice Beast         Ice/Summ       0%         N/A       100%        4


Dungeon Overview and Level Annotations

Branches:
Dungeon (5/15)             Temple (1/1) D:4

Altars:
Ashenzari
Elyvilon
Fedhas
Hepliaklqana
Kikubaaqudgha
Makhleb
Nemelex Xobeh
Qazlal
Ru
Sif Muna
Trog
Uskayaw
Wu Jian
Xom
Yredelemnul
Zin
The Shining One

Shops:
D:3 (


Message History

The iguana bites you.
You slash the iguana!
You kill the iguana!
No target in view!
No target in view!
You now have 221 gold pieces (gained 8).
A gnoll comes into view. It is wielding a +0 whip.
The gnoll shouts!
The gnoll throws a throwing net.
The throwing net hits you.
You become entangled in the net!
You see here a throwing net.
You are held in a net!
You struggle against the net.
You tear a large gash into the net.
You shred the net and break free!
An ogre and a gnoll come into view.
Found 10 gold pieces.
The ogre shouts!
The gnoll shouts!
The gnoll hits you with a +0 whip.
A gnoll comes into view. It is wielding a +0 spear.
The gnoll shouts!
The gnoll hits you but does no damage. The gnoll attacks as you move away!
The gnoll hits you but does no damage. The gnoll hits you with a +0 whip.
The gnoll throws a throwing net.
The throwing net hits you.
You become entangled in the net!
You see here a throwing net.
You struggle against the net.
You struggle against the net.
The gnoll barely misses you. The gnoll hits you with a +0 whip.
You struggle against the net.
The gnoll hits you but does no damage. The gnoll hits you with a +0 whip.
You struggle against the net.
The gnoll barely misses you. The gnoll hits you with a +0 whip. x2
The ogre hits you with a +0 giant spiked club!!
You rip the net and break free!
The gnoll barely misses you. The gnoll hits you but does no damage.
The gnoll closely misses you.
You feel yourself speed up.
The ogre hits you with a +0 giant spiked club!!
You die...

... #....###.#.......
... #...## .#.#.##..
#.##...###..#[......
#..#...#.......#.... #
##......†...........
..###......#.....#......
#............##.##......
#......>..##....##......
#......@g.# ##....
#......Ogg###..###
#..(.###..<..$.##
#................
...#####...?...## ..
#.......# . #.......#
#.#....... #...######


You could see an ogre and 3 gnolls.

Vanquished Creatures
  Edmund (D:4)
  A black bear (D:5)
  A phantom (D:4)
  A gnoll sergeant (D:5)
  A scorpion (D:4)
  A jelly (D:4)
  2 orc priests
  Terence (D:3)
  An iguana (D:5)
  2 orc wizards (D:2)
  7 adders
  3 gnolls (D:5)
  A worm (D:2)
  3 dart slugs
  6 orcs
  6 ball pythons
  8 endoplasms
  2 giant cockroaches (D:4)
  7 goblins
  9 hobgoblins
  6 jackals
  5 quokkas
  4 bats
  2 frilled lizards
  16 kobolds
  8 rats
105 creatures vanquished.

Notes
Turn   | Place    | Note
-------+----------+-------------------------------------------
     0 | D:1      | Ijustatesigmund the Hill Orc Fighter began the quest for
                  | the Orb.
     0 | D:1      | Reached XP level 1. HP: 19/19 MP: 1/1
   127 | D:1      | Reached XP level 2. HP: 20/27 MP: 2/2
   438 | D:1      | Reached XP level 3. HP: 34/34 MP: 3/3
  1280 | D:2      | Reached XP level 4. HP: 18/41 MP: 4/4
  1534 | D:2      | Reached skill level 5 in Fighting
  1549 | D:2      | Found a glowing silver altar of Zin.
  1640 | D:2      | Found a faded altar of an unknown god.
  1837 | D:2      | Reached skill level 5 in Axes
  1844 | D:2      | Reached XP level 5. HP: 8/48 MP: 5/5
  1859 | D:2      | HP: 2/48 [orc wizard/magic dart (9)]
  2803 | D:3      | Reached XP level 6. HP: 41/57 MP: 6/6
  2927 | D:3      | Found Xumut's Antique Weapon Shoppe.
  2996 | D:3      | Noticed Terence
  3011 | D:3      | Killed Terence
  3481 | D:4      | Noticed Edmund
  3490 | D:4      | Killed Edmund
  3498 | D:4      | Reached XP level 7. HP: 43/66 MP: 7/7
  3621 | D:4      | Found a staircase to the Ecumenical Temple.
  3720 | Temple   | Entered the Ecumenical Temple
  4298 | D:5      | Entered Level 5 of the Dungeon
  4372 | D:5      | Found a hide-covered altar of Uskayaw.
  4372 | D:5      | Noticed a +0 short sword
  4372 | D:5      | Noticed a +0 spear
  4372 | D:5      | Noticed a +0 spear
  4373 | D:5      | Noticed a +0 short sword
  4380 | D:5      | Noticed a +0 dagger
  4380 | D:5      | Noticed a +0 falchion
  4382 | D:5      | Noticed a +0 dagger
  4383 | D:5      | Noticed a +0 falchion
  5038 | D:5      | Slain by an ogre

Illustrated notes

Levels and vault maps discovered:
D:1:      dpeg_arrival_rooms_c, layout_basic, st_stairs_11
D:2:      layout_loops_ring, shapermc_ecumenical_altar_ellora, basic_altar
D:3:      layout_basic, serial_shops, shop, uniq_terence
D:4:      layout_cave_pools, minmay_temple_entry_glass, uniq_edmund
D:5:      layout_rooms, pdpol_temple_overflow_zin_treasury_gozag_greed,
          nicolae_uskayaw_en_pointe
Temple:   hellmonk_temple_of_storms

Skill      XL: |  1  2  3  4  5  6  7 |
---------------+----------------------+-----
Axes           | 3 4 5 7 |  7.8
Fighting       | 4 5 6 7 |  7.7
Armour         | 4 |  4.4
Shields        | |  3.2

Action                   |  1- 3 |  4- 6 |  7- 9 || total
-------------------------+-------+-------+-------++-------
Melee: War axe           |   103 |   132 |    79 ||   314
Evoke: Wand              |       |       |     1 ||     1
  Use: Potion            |       |     4 |     5 ||     9
       Scroll            |       |       |    12 ||    12
Armor: Scale mail        |    56 |    44 |       ||   100
       Chain mail        |       |       |    64 ||    64
Dodge: Dodged            |    50 |    60 |    36 ||   146
Block: Buckler           |    19 |    32 |    39 ||    90

Table legend: (Time is in decaauts)
 A = Elapsed time spent in this place.
 B = Non-inter-level travel time spent in this place.
 C = Inter-level travel time spent in this place.
 D = Time resting spent in this place.
 E = Time spent auto-exploring this place.
 F = Levels seen in this place.
 G = Mean time per level.
                   A        B        C        D        E       F      G
               +--------+--------+--------+--------+--------+-----+--------+
         Total |   5102 |   4904 |    198 |    745 |   3391 |   6 |  850.3 |
       Dungeon |   5061 |   4871 |    190 |    745 |   3369 |   5 | 1012.2 |
        Temple |     40 |     33 |      7 |      0 |     22 |   1 |   40.0 |
               +--------+--------+--------+--------+--------+-----+--------+

Top non-repeatable levels by time:
     D:2: 1488 daAuts
     D:3: 1153 daAuts
     D:1: 977 daAuts
     D:5: 727 daAuts
     D:4: 714 daAuts
  Temple: 40 daAuts
